 Dungeon Crawl Stone Soup version 0.31-a0-240-gb923e448b6 (webtiles) character file.

Game seed: 16983499684807456885

77 qw the Shooter (level 4, 0/36 HPs)
             Began as a Minotaur Hexslinger on July 11, 2023.
             Succumbed to an adder's poison
             ... on level 2 of the Dungeon.
             The game lasted 00:00:32 (1351 turns).

qw the Shooter (Minotaur Hexslinger)                Turns: 1351, Time: 00:00:32

Health: 0/36       AC:  5    Str: 13    XL:     4   Next: 14%
Magic:  4/4        EV: 11    Int: 10    God:
Gold:   160        SH:  0    Dex: 14    Spells: 4/5 levels left

rFire   . . .        Y - +1 sling (freeze)
rCold   . . .        (no shield)
rNeg    . . .        e - +0 ring mail
rPois   .            (helmet restricted)
rElec   .            (no cloak)
rCorr   .            (no gloves)
SInv    .            (no boots)
Will    .....        (no amulet)
Stlth   +            (no ring)
HPRegen 0.26/turn    (no ring)
MPRegen 0.09/turn

%: no passive effects
@: lethally poisoned (0 -> -3), slowed, very slow
A: horns 2, retaliatory headbutt
a: no special abilities


You were on level 2 of the Dungeon.
You visited 1 branch of the dungeon, and saw 3 of its levels.

You collected 160 gold pieces.


Innate Abilities, Weirdness & Mutations

You have a pair of horns on your head.
You reflexively headbutt those who attack you in melee.


   Skills:
 - Level 2.0 Fighting
 + Level 4.0 Ranged Weapons
 - Level 2.3 Armour
 - Level 2.1 Dodging
 - Level 1.0 Spellcasting
 - Level 2.0 Hexes


You had 4 spell levels left.
You knew the following spells:

 Your Spells              Type           Power      Damage    Failure   Level
a - Slow                  Hex            16%        N/A       32%         1

Your spell library contained the following spells:

 Spells                   Type           Power      Damage    Failure   Level
 Inner Flame              Hex/Fire       2%         N/A       82%         3
 Portal Projectile        Hex/Tloc       4%         N/A       82%         3
 Cause Fear               Hex            2%         N/A       97%         4

Inventory:

Hand Weapons
 Y - a +1 sling of freezing (weapon)
Armour
 e - a +0 ring mail (worn)
Scrolls
 i - a scroll of identify
Potions
 a - a potion of brilliance {unknown}
 c - 2 potions of curing
 d - a potion of degeneration {unknown}
 f - a potion of resistance
 g - a potion of might
 j - a potion of enlightenment {unknown}
 k - a potion of cancellation {unknown}
 m - a potion of mutation {unknown}

Dungeon Overview and Level Annotations

Branches:
Dungeon (3/15)

Altars:

Shops:
D:1 *   D:3 (

Annotations:
D:3 Natasha


Message History

You feel strangely unstable.
It was a scroll of teleportation.
You start waiting.
Your surroundings suddenly seem different.
Done exploring.
1329 ||| DROPPING scroll of amnesia.
You drop a scroll of amnesia.
Done exploring.
(D) Dungeon
Where to? (* - list waypoints, Enter - D:2, ? - help)
What level of the Dungeon? (default 1, ? - help)
There is a stone staircase leading down here.
You climb downwards.
The gnoll shouts! x2; The ball python hisses angrily.
There is a stone staircase leading up here.
There are monsters nearby!
Waypoint 2 assigned to D:3.
You shoot a sling bullet. The sling bullet hits the gnoll.
The sling bullet freezes the gnoll.
The gnoll is moderately wounded.
You hear an angry hiss.
An adder comes into view.
You shoot a sling bullet.
The sling bullet hits the gnoll but does no damage.
The gnoll is moderately wounded.
Natasha casts a spell at you.
You feel yourself slow down. The gnoll completely misses you.
The gnoll hits you with a +0 club.
The gnoll hits you from afar with a +0 halberd!
1349 ||| STAIRDANCE The adder bites you but does no damage.
The gnoll hits you but does no damage. x2
The gnoll hits you with a +0 club. The adder bites you.
You are poisoned.
The adder poisons you! The gnoll closely misses you.
The gnoll hits you with a +0 club.
The gnoll hits you from afar with a +0 halberd.
You climb upwards.
You feel very sick.
There is a stone staircase leading down here.
You shoot a sling bullet.
The sling bullet hits the gnoll but does no damage.
The gnoll is moderately wounded.
You die...

......######......###
....#.##...#..###..#
##.##.##......#_#..#
#..#.###'##..#.#..#
###.#.##...#..#.'..#
....#.##.88#..#.#..#
###.#..######.#######
................gS..#
...#.#..##.....g@####
............######
.?..........#
...#........#
...#........#
#############


You could see 2 gnolls and an adder.

Vanquished Creatures
  Jessica (D:2)
  An adder (D:2)
  2 dart slugs (D:1)
  6 bats
  4 endoplasms
  4 giant cockroaches
  A goblin (D:1)
  3 hobgoblins
  2 jackals (D:1)
  3 kobolds (D:1)
  A quokka (D:1)
  4 ball pythons
  A frilled lizard (D:2)
  4 rats
37 creatures vanquished.

Notes
Turn   | Place    | Note
-------+----------+-------------------------------------------
     0 | D:1      | qw the Minotaur Hexslinger began the quest for the Orb.
     0 | D:1      | Reached XP level 1. HP: 16/16 MP: 1/1
     0 | D:1      | 0 ||| qw: Version: 0.3-a-52-g30416fa
     0 | D:1      | 0 ||| qw: Game counter: 6009
     0 | D:1      | 0 ||| qw: Melee chars always use a shield: true
     0 | D:1      | 0 ||| qw: God list: Okawaru
     0 | D:1      | 0 ||| qw: Allow faded altars: false
     0 | D:1      | 0 ||| qw: Do Orc after clearing Dungeon:15 true
     0 | D:1      | 0 ||| qw: Do second Lair branch before Depths: true
     0 | D:1      | 0 ||| qw: Lair rune preference: random
     0 | D:1      | 0 ||| qw: Goals: Normal
     0 | D:1      | 0 ||| PLANNING D:1-11
    91 | D:1      | Reached skill level 3 in Ranged Weapons
    91 | D:1      | Reached XP level 2. HP: 23/23 MP: 2/2
   245 | D:1      | Found Leolits's General Store.
   253 | D:1      | 253 ||| SHOPLISTING ring of ice (325 gold, have 43).
   796 | D:1      | 796 ||| UPGRADING to +0 ring mail.
   806 | D:1      | 806 ||| DROPPING +0 robe.
   807 | D:1      | 807 ||| READING scroll labelled PORPHA HAREPP.
   808 | D:1      | 808 ||| READING scroll labelled ZUR YLASHI.
   809 | D:1      | 809 ||| DRINKING 2 gluggy clear potions.
   810 | D:1      | 810 ||| DRINKING 2 pink potions.
   811 | D:1      | 811 ||| DROPPING scroll of poison.
   859 | D:2      | Reached XP level 3. HP: 29/29 MP: 3/3
   977 | D:2      | Reached skill level 4 in Ranged Weapons
  1121 | D:2      | Noticed Jessica
  1131 | D:2      | Killed Jessica
  1132 | D:2      | Reached XP level 4. HP: 16/36 MP: 4/4
  1263 | D:2      | Found a faded altar of an unknown god.
  1324 | D:2      | 1324 ||| READING 2 scrolls labelled IKITUFIKKEF.
  1325 | D:2      | 1325 ||| READING scroll labelled RIBRONW YLEKETS.
  1326 | D:2      | 1326 ||| READING scroll labelled YLAIXU BEAWOQI.
  1329 | D:2      | 1329 ||| DROPPING scroll of amnesia.
  1346 | D:3      | Noticed Natasha
  1346 | D:3      | Found Zuhat's Antique Weapon Shop.
  1349 | D:3      | 1349 ||| STAIRDANCE
  1349 | D:3      | HP: 4/36 [gnoll/+0 halberd (6)]
  1351 | D:2      | Succumbed to an adder's poison

Levels and vault maps discovered:
D:1:      dpeg_arrival_central, layout_loops_ring, serial_shops, shop,
          serial_bayou_ford_a
D:2:      layout_rooms, shapermc_ecumenical_altar_mp_vishouse,
          serial_park_tiny_1, lightli_corner_chamber, uniq_jessica
D:3:      layout_basic, lemuel_doored_altar, serial_shops, shop, uniq_ijyb,
          uniq_natasha, uniq_robin

Skill      XL: |  1  2  3 |
---------------+----------+-----
Ranged Weapons | 3 4 |  4.0
Fighting       | 2 |  2.0
Armour         | 2 |  2.3
Dodging        | |  2.1
Spellcasting   | |  1.0
Hexes          | |  2.0

Action                     |  1- 3 |  4- 6 || total
---------------------------+-------+-------++-------
   Fire: Sling             |   102 |     4 ||   106
    Use: Scroll            |     2 |     3 ||     5
         Potion            |     2 |       ||     2
 Armour: Robe              |     1 |       ||     1
         Ring mail         |     8 |     3 ||    11
  Dodge: Dodged            |    20 |     4 ||    24

Table legend:
 A = Non-vault XP
 B = Vault XP
 C = Vault XP percentage of total XP
 D = Non-vault monster count
 E = Vault monster count
 F = Vault count percentage of total count
                 A         B        C        D         E       F
            +---------+---------+-------+---------+---------+-------
      Total |      74 |      37 |  33.3 |      36 |       1 |   2.7
            +---------+---------+-------+---------+---------+-------
        D:1 |      39 |       0 |   0.0 |      21 |       0 |   0.0
        D:2 |      35 |      37 |  51.4 |      15 |       1 |   6.2
            +---------+---------+-------+---------+---------+-------
